 Dungeon Crawl Stone Soup version 0.21.1-1-g345015f (webtiles) character file.

593684 MayorMcCheese the Executioner (level 27, -1/188 HPs)
             Began as a Gargoyle Berserker on May 21, 2018.
             Was the Champion of Trog.
             Slain by a storm dragon (14 damage)
             ... on level 5 of the Depths on May 23, 2018.
             The game lasted 05:03:45 (77637 turns).

MayorMcCheese the Executioner (Gargoyle Berserker) Turns: 77637, Time: 05:03:45

Health: -1/188     AC: 60    Str: 33    XL:     27
Magic:  32/32      EV:  9    Int:  9    God:    Trog [******]
Gold:   3213       SH:  3    Dex: 19    Spells: 26/26 levels left

rFire    + + +     SeeInvis .   J - +6 executioner's axe (chop)
rCold    + + +     Gourm    .   (shield currently unavailable)
rNeg     + + .     Faith    .   k - +2 gold dragon scales
rPois    ∞         Spirit   .   s - +0 helmet "Waatuam" {rElec rPois rN+ MR+++ Dex-3}
rElec    +         Reflect  +   p - +1 cloak {+Inv}
rCorr    .         Harm     .   t - +2 pair of gloves {Str+3}
MR       ++++.                  B - +2 pair of boots of the Assassin {Detection Stab+ Stlth++}
Stlth    ++........             Y - amulet "Yzuso" {Reflect +Blink rC+++ MR- MP+9 SH+3}
HPRegen  0.41/turn              M - ring of protection from fire
MPRegen  0.23/turn              A - ring "Zyjabb" {rF+ rC+ Str+4 Dex+6}

@: berserk cooldown, very slightly contaminated, slowed, very slow
A: big wings, talons 1, negative energy resistance 1, electricity resistance,
unbreathing, petrification resistance, rot immunity, MP-powered wands, AC +20
}: 3/15 runes: serpentine, barnacled, silver
a: Fly, Berserk, Trog's Hand, Brothers in Arms, Burn Spellbooks, Renounce
Religion, Evoke Blink, Evoke Invisibility


You were on level 5 of the Depths.
You worshipped Trog.
Trog was exalted by your worship.
You were hungry.

You visited 11 branches of the dungeon, and saw 49 of its levels.
You visited the Abyss 1 time.

You collected 8553 gold pieces.
You spent 5340 gold pieces at shops.

Inventory:

Hand Weapons
 g - a +0 blowgun
 m - a +5 antimagic battleaxe
 J - a +6 executioner's axe of chopping (weapon)
 L - a +4 vampiric battleaxe
Missiles
 i - 92 poisoned needles
 x - 22 curare-tipped needles
Armour
 k - +2 gold dragon scales (worn)
 o - the +1 crystal plate armour of the Failed Coup {-Tele MP+9 Dex+4}
   (You found it on level 5 of the Vaults)

   It affects your dexterity (+4).
   It affects your magic capacity (+9).
   It prevents most forms of teleportation.
 p - a +1 cloak of invisibility (worn)
 s - the +0 helmet "Waatuam" (worn) {rElec rPois rN+ MR+++ Dex-3}
   (You acquired it on level 4 of the Vaults)

   It affects your dexterity (-3).
   It insulates you from electricity.
   It protects you from poison.
   It protects you from negative energy.
   It affects your resistance to hostile enchantments.
 t - a +2 pair of gloves of strength (worn)
 B - the +2 pair of boots of the Assassin (worn) {Detection Stab+ Stlth++}
   (You bought it in a shop on level 5 of the Depths)

   It makes you much more stealthy.
Jewellery
 l - an uncursed ring of positive energy
 v - an uncursed ring of resist corrosion
 A - the ring "Zyjabb" (right hand) {rF+ rC+ Str+4 Dex+6}
   (You bought it in a shop on level 2 of the Orcish Mines)

   [ring of protection from cold]

   It affects your strength (+4).
   It affects your dexterity (+6).
   It protects you from fire.
   It protects you from cold.
 M - a ring of protection from fire (left hand)
 Q - the ring of Pipipo {rC+ Str+2 Int+3 Dex+4}
   (You bought it in a shop on level 2 of the Orcish Mines)

   [ring of dexterity]

   It affects your strength (+2).
   It affects your intelligence (+3).
   It affects your dexterity (+4).
   It protects you from cold.
 Y - the amulet "Yzuso" (around neck) {Reflect +Blink rC+++ MR- MP+9 SH+3}
   (You found it on level 2 of the Depths)

   [amulet of reflection]

   It shields you and reflects attacks.
   It renders you almost immune to cold.
   It affects your resistance to hostile enchantments.
   It affects your magic capacity (+9).
   It lets you blink.
   It affects your SH (+3).
Wands
 e - a wand of acid (8)
 r - a wand of digging (32)
 z - a wand of polymorph (11)
 F - a wand of disintegration (43)
 I - a wand of iceblast (54)
 P - a wand of paralysis (97)
 S - a wand of flame (88)
Scrolls
 a - 4 scrolls of fear
 f - 6 scrolls of magic mapping
 u - 3 scrolls of blinking
 w - 7 scrolls of identify
 y - 8 scrolls of fog
 C - 12 scrolls of teleportation
 D - 21 scrolls of remove curse
 V - a scroll of holy word
Potions
 b - 7 potions of lignification
 d - 14 potions of curing
 h - 2 potions of invisibility
 n - a potion of resistance
 q - 12 potions of haste
 E - 6 potions of agility
 H - a potion of cancellation
 O - a potion of might
Miscellaneous
 K - a lightning rod (4/4)
 N - a phial of floods
 R - 5 sacks of spiders
 U - a phial of floods
Comestibles
 c - 59 rations


   Skills:
 * Level 23.3 Fighting
 + Level 26.5 Axes
 - Level 10.3 Throwing
 + Level 23.1 Armour
 - Level 1.5 Dodging
 - Level 16.6 Stealth


You had 26 spell levels left.
You didn't know any spells.

Dungeon Overview and Level Annotations

Branches:
Dungeon (15/15)            Temple (0/1) D:4            Lair (6/6) D:8
 Shoals (4/4) Lair:4        Snake (4/4) Lair:2        Slime (0/5) Lair:5
    Orc (2/2) D:9             Elf (3/3) Orc:2        Vaults (5/5) D:14
  Crypt (3/3) Vaults:2       Tomb (0/3) Crypt:3      Depths (5/5) D:15
   Hell (1/1)                 Zot (1/5) Depths:5
    Dis: Hell:1         Geh: Hell:1         Coc: Hell:1         Tar: Hell:1

Altars:
Cheibriados
Dithmenos
Elyvilon
Fedhas
Gozag
Hepliaklqana
Kikubaaqudgha
Makhleb
Okawaru
Sif Muna
Uskayaw
Vehumet
Wu Jian
Yredelemnul
Zin
The Shining One

Shops:
D:7 (   D:10 %   D:11 %   Orc:2 *:==(!   Elf:2 *   Elf:3 [[?   Vaults:2 ?
Depths:1 *   Depths:5 [

Portals:
Hell: Depths:1 Depths:2 Depths:3 Depths:4 Depths:5
Abyss: Depths:1 Depths:2 Depths:3 Depths:4
Pandemonium: Depths:3
Ziggurat: Depths:1

Annotations:
Hell Geryon


Innate Abilities, Weirdness & Mutations

You are resistant to torment.
Your stone body is resilient. (AC +20)
You are immune to poison.
Your large and strong wings let you fly indefinitely.
You resist negative energy. (rN+)
You are resistant to electric shocks. (rElec)
You can survive without breathing.
You are immune to petrification.
You are immune to rotting.
You have sharp toenails.
You expend magic power (3 MP) to strengthen your wands.


Message History

The storm dragon claws you but does no damage.
The storm dragon completely misses you.
You slice the storm dragon!!
The storm dragon is lightly wounded.
You slash the yellow draconian! The storm dragon bites you!
* * * LOW HITPOINT WARNING * * *
The storm dragon claws you but does no damage.
The storm dragon closely misses you.
The yellow draconian hits you but does no damage.
The storm dragon completely misses you. The storm dragon claws you!
* * * LOW HITPOINT WARNING * * *
The storm dragon tramples you but does no damage.
You feel better.
The storm dragon bites you but does no damage.
The storm dragon claws you but does no damage.
The storm dragon closely misses you.
The yellow draconian hits you but does no damage.
The storm dragon bites you but does no damage.
The storm dragon claws you!
You die...

#......... ##.#...... ###
#......... ##.## ##........ #...#
### ##........ ###.##
#####.####..#'#.... ##
##.#.####.##.......##.##... .##
#.....##...##.....##...##.. ..#
##.....##.@.##.)=##..∩..##. ..##
##...##..Dd...(####...####
...######.........#..##.###.###.#
..##.#.#.#..........##...#####...
..........#....##...'..∩..# #..∩.
.......#......#####.##...#####...
...............##.#..##.###.###.#
...................#..####...####
.......................##..∩..##.


You could see a storm dragon (berserk) and a yellow draconian (berserk).

Vanquished Creatures
  An orb of fire (Zot:1)
  A juggernaut (Depths:3)
  3 ancient liches (Vaults:5)
  Boris (twice) (Depths:3 Vaults:5)
  Bai Suzhen (Snake:3)
  Saint Roka (Elf:2)
  Margery (Depths:3)
  2 curse toes (Crypt:3)
  Jory (Vaults:5)
  4 golden dragons
  4 liches
  A bone dragon (Depths:5)
  Rupert (D:12)
  5 tentacled monstrosities
  7 titans
  The ghost of rgaf the Tortoise, an adept HaBe of Trog (Shoals:4)
  3 deep elf blademasters
  8 quicksilver dragons
  4 deep elf master archers (Elf:3)
  5 sphinxes
  The ghost of Dharzhak the Earth Mage, an adept GrEE of Vehumet (Snake:4)
  8 ancient champions
  6 storm dragons
  2 revenants
  5 shadow dragons (Vaults:5)
  Ilsuiw (Shoals:4)
  6 tengu reavers
  9 fire giants
  9 deep elf sorcerers
  6 frost giants
  A draconian scorcher (Depths:5)
  7 nagarajas
  6 iron dragons
  A juggernaut zombie (Crypt:3)
  A balrug (Depths:5)
  A draconian shifter (Depths:5)
  Louise (Depths:4)
  4 curse skulls
  Aizul (Snake:1)
  9 ironheart preservers
  10 vault wardens
  7 ghouls
  7 deep elf elementalists
  A draconian stormcaller (Zot:1)
  36 very ugly things
  2 spriggan defenders (Depths:5)
  2 war gargoyles (Vaults:5)
  23 stone giants
  2 reapers (Crypt:3)
  2 entropy weavers (Vaults:2)
  4 deep elf demonologists
  The ghost of antares the Thaumaturge, a journeyman GnFE of Sif Muna (Lair:3)
  A dire elephant (Lair:5)
  6 vampire knights
  8 spark wasps
  6 deep elf annihilators (Elf:3)
  A purple draconian (Depths:5)
  3 yellow draconians
  A red draconian (Zot:1)
  13 ettins
  6 deep elf death magi
  The ghost of peteyfrogboy the Blocker, a journeyman GrFi of the Shining One (Orc:2)
  4 eidola
  A fire dragon (shapeshifter) (D:15)
  4 crystal guardians (Depths:4)
  A mummy priest (Crypt:3)
  6 merfolk javelineers
  The ghost of SpoonFarmer the Bludgeoner, a journeyman MiBe of Trog (D:12)
  7 fire dragons
  10 merfolk impalers
  17 yaktaur captains
  7 deep elf high priests
  4 rakshasas
  Harold (Lair:3)
  9 great orbs of eyes
  9 jiangshi
  30 vault guards
  12 ice dragons
  7 hydras
  3 catoblepae
  Fannar (D:12)
  3 merfolk avatars
  3 spriggan air magi (Depths:5)
  9 anacondas
  18 naga warriors
  6 centaur warriors
  The ghost of Fang the Cleaver, a journeyman GrBe of Trog (D:11)
  A death yak (Lair:6)
  28 dancing weapons
  A death yak (shapeshifter) (Abyss:1)
  4 death knights
  8 merfolk aquamancers
  36 two-headed ogres
  A thrashing horror (Abyss:1)
  7 deep troll earth magi
  9 tengu warriors
  3 deep troll shamans
  5 satyrs
  6 naga sharpshooters
  12 ogre magi
  A shock serpent (shapeshifter) (Vaults:2)
  8 shock serpents
  Urug (Lair:5)
  7 vampire magi
  Nergalle (D:12)
  5 spriggan berserkers (Depths:3)
  24 deep elf knights
  6 soul eaters
  3 salamander mystics
  3 wretched stars (Abyss:1)
  2 sun demons (Depths:5)
  A titan skeleton (Crypt:3)
  2 iron trolls (Depths:4)
  31 skeletal warriors
  24 deep trolls
  A storm dragon skeleton (Crypt:1)
  3 shadow wraiths (Crypt:3)
  5 hell knights
  5 unseen horrors
  7 glowing orange brains
  An unseen horror (shapeshifter) (Vaults:4)
  9 sea snakes
  6 naga ritualists
  An orange crystal statue (Depths:4)
  2 wolf spider zombies (D:15)
  4 flayed ghosts
  19 harpies
  6 phantasmal warriors
  A golden dragon skeleton (Crypt:2)
  A shadow dragon zombie (Crypt:3)
  6 necromancers
  A wizard (D:15)
  11 ironbrand convokers
  4 lindwurms (Lair:6)
  9 orc knights
  14 deep elf archers
  An iron dragon zombie (Crypt:3)
  5 orc sorcerers
  62 ugly things
  11 manticores
  A frost giant zombie (Crypt:3)
  An orb spider (shapeshifter) (D:8)
  10 mana vipers
  3 wolf spiders
  2 salamanders (shapeshifter)
  9 cyclopes
  28 elephants
  A stone giant zombie (Abyss:1)
  68 deep elf magi
  A cyclops (shapeshifter) (Vaults:3)
  19 fauns
  13 salamanders
  A manticore (shapeshifter) (Depths:1)
  4 fire giant skeletons
  2 frost giant skeletons
  3 moths of wrath
  4 guardian serpents
  11 merfolk sirens
  A stone giant skeleton (Crypt:2)
  5 water nymphs
  An apocalypse crab (Abyss:1)
  8 vault sentinels
  A dire elephant zombie (Crypt:1)
  4 rust devils (Depths:2)
  33 black mambas
  2 centaur zombies
  3 orange demons (Elf:2)
  16 naga magi
  6 torpor snails (Lair:6)
  A spiny frog (shapeshifter) (Vaults:2)
  11 spiny frogs
  3 gargoyles
  2 smoke demons (Abyss:1)
  5 spectral swamp worms (Depths:1)
  5 rime drakes
  16 freezing wraiths
  6 komodo dragons
  60 yaktaurs
  A redback zombie (D:15)
  A catoblepas zombie (Crypt:3)
  A red draconian skeleton (Crypt:1)
  An efreet (D:14)
  8 small abominations
  A demonic crawler (Hell)
  A komodo dragon (shapeshifter) (Vaults:2)
  A yaktaur (shapeshifter) (Vaults:3)
  8 guardian mummies (Crypt:3)
  An anaconda simulacrum (Hell)
  A red devil (Depths:3)
  11 trolls
  2 ancient zymes (Abyss:1)
  2 tengu conjurers
  A hellwing (Depths:3)
  A green draconian skeleton (Crypt:3)
  A merfolk (shapeshifter) (D:15)
  A polar bear (Lair:6)
  A death drake zombie (Crypt:2)
  2 trolls (shapeshifter)
  17 merfolk
  17 hornets
  A meliai (shapeshifter) (Vaults:5)
  23 slime creatures
  4 tyrant leeches (Lair:6)
  A queen bee (shapeshifter) (Depths:3)
  7 wind drakes
  2 raiju (shapeshifter)
  6 snapping turtles
  2 dream sheep (Shoals:4)
  2 hydra skeletons
  11 hippogriffs
  17 blink frogs
  2 fire giant simulacra
  3 bog bodies (Crypt:3)
  3 raiju (Abyss:1)
  A harpy skeleton (D:15)
  15 starcursed masses (Abyss:1)
  A meliai zombie (D:15)
  2 shadows
  2 centaur simulacra (D:15)
  9 air elementals
  3 wyverns
  14 redbacks
  10 spriggans
  81 yaks
  A ynoxinul (Abyss:1)
  6 flying skulls (Crypt:1)
  2 ettin skeletons (Crypt:3)
  A tarantella (Vaults:2)
  2 humans
  8 wraiths
  5 vampires
  9 basilisks
  A chaos spawn (Abyss:1)
  4 hogs (D:7)
  24 water elementals
  A fire elemental (Depths:3)
  2 hogs (shapeshifter)
  3 hungry ghosts
  A golden eye (shapeshifter) (Depths:4)
  3 neqoxecs (Abyss:1)
  A catoblepas simulacrum (Crypt:1)
  The ghost of antares the Firebug, an amateur GnFE (D:4)
  4 wargs
  2 water nymph zombies
  A swamp worm (shapeshifter) (Depths:2)
  Edmund (D:4)
  53 nagas
  3 acid dragons
  An acid dragon (shapeshifter) (Vaults:3)
  An insubstantial wisp (Abyss:1)
  A hell hound (Depths:3)
  A merfolk skeleton (Crypt:2)
  13 water moccasins
  2 floating eyes
  9 porcupines
  3 large abominations (Abyss:1)
  2 black bears
  An infernal demonspawn skeleton (Crypt:1)
  31 orc warriors
  4 ice beasts
  A hornet zombie (D:11)
  3 sky beasts
  A torturous demonspawn skeleton (Crypt:1)
  5 necrophages
  34 wolves
  13 centaurs
  An eye of draining (D:12)
  A swamp dragon skeleton (Crypt:2)
  34 ogres
  A blink frog skeleton (Crypt:3)
  14 crocodiles
  2 lindwurm skeletons
  A torpor snail zombie (Crypt:2)
  5 big kobolds
  26 bullfrogs
  3 earth elementals
  A wyvern zombie (D:7)
  A glowing shapeshifter simulacrum (Vaults:3)
  2 wyvern skeletons
  12 scorpions
  A scorpion (shapeshifter) (Depths:3)
  A snapping turtle simulacrum (Crypt:3)
  7 killer bees
  A troll zombie (D:15)
  11 wights
  11 electric eels
  7 howler monkeys
  A polar bear skeleton (Crypt:3)
  6 crimson imps
  2 quasits
  4 bullfrog zombies
  9 hounds
  8 human zombies (D:15)
  7 jellies
  A human skeleton (D:15)
  24 orc priests
  5 bullfrog skeletons
  6 centaur skeletons
  An iron imp (Depths:2)
  Terence (D:2)
  4 iguanas
  32 orc wizards
  A hell rat (Lair:6)
  11 worker ants
  A killer bee zombie (Crypt:3)
  A tengu skeleton (Crypt:1)
  A worker ant zombie (D:5)
  7 gnolls
  2 howler monkey skeletons
  A river rat (D:3)
  12 adders
  6 shadow imps
  2 white imps (Abyss:1)
  An ufetubus (Abyss:1)
  An ooze (D:7)
  A worm zombie (Crypt:3)
  An adder zombie (D:5)
  A halfling zombie (Crypt:1)
  3 adder skeletons
  A lava snake skeleton (Crypt:2)
  A barachi zombie (Crypt:1)
  2 dart slugs (D:1)
  2 leopard geckos
  99 orcs
  3 ball pythons
  6 bats
  2 giant cockroaches
  6 goblins
  7 hobgoblins
  4 jackals (D:4)
  22 kobolds
  4 quokkas
  A ball python skeleton (D:5)
  3 frilled lizards
  A gnoll skeleton (Crypt:2)
  A hobgoblin zombie (Crypt:1)
  3 jackal skeletons
  A quokka skeleton (D:4)
  6 rats
  A crawling corpse (Elf:1)
  4 fungi
  A lurking horror (Abyss:1)
  45 plants
  A withered plant (Shoals:1)
2365 creatures vanquished.

Vanquished Creatures (collateral kills)
  A lich (Depths:3)
  A stone giant (Depths:3)
  A fire dragon (Depths:3)
  2 centaur warriors (Depths:3)
  A salamander (Snake:3)
  A rime drake (shapeshifter) (Depths:3)
7 creatures vanquished.

Vanquished Creatures (others)
  2 very ugly things (Depths:3)
  A naga warrior (Snake:3)
  A spriggan air mage (Depths:3)
  A merfolk aquamancer (Shoals:4)
  A vampire mage (Depths:2)
  A deep elf archer (Elf:3)
  A manticore (Shoals:4)
  2 black mambas
  A naga (Snake:4)
  A wolf (Lair:6)
  71 fungi
  88 plants
171 creatures vanquished.

Grand Total: 2543 creatures vanquished

Notes
Turn   | Place    | Note
-------+----------+-------------------------------------------
     0 | D:1      | MayorMcCheese the Gargoyle Berserker began the quest for the Orb.
     0 | D:1      | Reached XP level 1. HP: 14/14 MP: 1/1
   154 | D:1      | Reached XP level 2. HP: 18/19 MP: 2/2
   287 | D:1      | Reached skill level 3 in Axes
   456 | D:1      | Reached skill level 1 in Stealth
   559 | D:1      | Reached ** piety under Trog
   668 | D:1      | Reached XP level 3. HP: 23/23 MP: 3/3
  1111 | D:2      | Noticed Terence
  1122 | D:2      | Killed Terence
  1147 | D:2      | Reached XP level 4. HP: 26/29 MP: 4/4
  1692 | D:3      | Found a hide-covered altar of Uskayaw.
  1699 | D:3      | Found a glowing drain.
  2209 | D:4      | Reached XP level 5. HP: 20/33 MP: 5/5
  2226 | D:4      | Noticed antares's ghost (amateur GnFE)
  2455 | D:4      | Killed antares's ghost
  2455 | D:4      | Reached skill level 4 in Axes
  2455 | D:4      | Reached XP level 6. HP: 39/39 MP: 6/6
  2623 | D:4      | Found a snail-covered altar of Cheibriados.
  2631 | D:4      | Reached *** piety under Trog
  2709 | D:4      | Found a staircase to the Ecumenical Temple.
  2746 | D:4      | Reached XP level 7. HP: 35/44 MP: 7/7
  2763 | D:4      | Reached skill level 5 in Axes
  3021 | D:4      | Found an iron altar of Okawaru.
  3021 | D:4      | Noticed Edmund
  3022 | D:4      | Found a hazy altar of Hepliaklqana.
  3022 | D:4      | Found an opulent altar of Gozag.
  3032 | D:4      | Killed Edmund
  3032 | D:4      | Reached skill level 5 in Fighting
  3033 | D:4      | Found a glowing silver altar of Zin.
  3159 | D:5      | Entered Level 5 of the Dungeon
  3189 | D:5      | Found a radiant altar of Vehumet.
  3504 | D:5      | Reached XP level 8. HP: 40/50 MP: 8/8
  4144 | D:6      | Reached skill level 6 in Axes
  4466 | D:6      | Reached skill level 5 in Armour
  4669 | D:6      | Reached **** piety under Trog
  4896 | D:6      | Reached skill level 5 in Stealth
  5211 | D:7      | Reached skill level 7 in Axes
  5278 | D:7      | Reached XP level 9. HP: 56/56 MP: 9/9
  5321 | D:7      | Found a shadowy altar of Dithmenos.
  5340 | D:7      | Found Less's Weapon Shop.
  5571 | D:7      | Bought a cursed +0 battleaxe for 52 gold pieces
  5754 | D:7      | Reached skill level 8 in Axes
  5940 | D:7      | Reached ***** piety under Trog
  6203 | D:8      | Reached skill level 9 in Axes
  6203 | D:8      | Reached XP level 10. HP: 58/64 MP: 10/10
  6297 | D:8      | Noticed a guardian serpent
  6305 | D:8      | Noticed an orb spider
  6305 | D:8      | a guardian serpent changed into an orb spider
  6307 | D:8      | Killed an orb spider
  6693 | D:8      | Found an ornate altar of the Wu Jian Council.
  6725 | D:8      | Reached skill level 10 in Axes
  6993 | D:8      | Found a staircase to the Lair.
  7108 | D:9      | Found a white marble altar of Elyvilon.
  7294 | D:9      | Noticed a two-headed ogre
  7304 | D:9      | Killed a two-headed ogre
  7304 | D:9      | Reached XP level 11. HP: 71/71 MP: 11/11
  7370 | D:9      | Found a staircase to the Orcish Mines.
  7490 | D:9      | Found a glowing golden altar of the Shining One.
  7517 | D:9      | Found a glowing golden altar of the Shining One.
  7906 | D:10     | Entered Level 10 of the Dungeon
  8145 | D:10     | Received a gift from Trog
  8305 | D:10     | You fall through a shaft for 2 floors!
  8323 | D:12     | Noticed an eight-headed hydra
  8337 | D:12     | Killed an 11-headed hydra
  8337 | D:12     | Reached skill level 11 in Axes
  8340 | D:12     | Killed an unseen horror
  8525 | D:12     | Noticed Fannar
  8536 | D:12     | Killed Fannar
  8536 | D:12     | Reached skill level 10 in Fighting
  8623 | D:12     | Noticed Rupert
  8630 | D:12     | Paralysed by Rupert for 4 turns
  8647 | D:12     | Killed Rupert
  8647 | D:12     | Reached skill level 10 in Armour
  8979 | D:12     | Reached skill level 12 in Axes
  9063 | D:12     | Reached XP level 12. HP: 79/79 MP: 12/12
  9294 | D:11     | Noticed Fang's ghost (journeyman GrBe)
  9310 | D:11     | Killed Fang's ghost
  9427 | D:11     | Noticed a two-headed ogre
  9440 | D:11     | Killed a two-headed ogre
  9896 | D:10     | Found a basalt altar of Yredelemnul.
 10004 | D:10     | Found Pypesoirr's Food Shop.
 10007 | D:10     | Noticed a two-headed ogre
 10015 | D:10     | Killed a two-headed ogre
 10306 | D:11     | Found Ikliat's Food Emporium.
 10998 | D:12     | Reached skill level 13 in Axes
 11334 | D:12     | Noticed a death knight
 11349 | D:12     | Killed a death knight
 11362 | D:12     | Noticed a two-headed ogre
 11485 | D:12     | Killed a two-headed ogre
 11506 | D:12     | Received a gift from Trog
 11631 | D:12     | Reached XP level 13. HP: 47/85 MP: 13/13
 11810 | D:12     | Noticed SpoonFarmer's ghost (journeyman MiBe)
 11827 | D:12     | Killed SpoonFarmer's ghost
 12068 | D:12     | Noticed Nergalle
 12076 | D:12     | Killed Nergalle
 12144 | D:12     | Noticed a storm dragon
 12255 | D:12     | Killed a storm dragon
 12255 | D:12     | Reached skill level 14 in Axes
 12568 | D:12     | Noticed a fire giant
 12650 | D:12     | Killed a fire giant
 12785 | D:12     | Noticed an ettin
 12799 | D:12     | Killed an ettin
 13169 | D:13     | Reached skill level 1 in Throwing
 13478 | D:13     | Gained mutation: Your large and strong wings let you fly indefinitely. [Gargoyle growth]
 13478 | D:13     | Reached XP level 14. HP: 72/92 MP: 14/14
 14070 | D:13     | Received a gift from Trog
 14381 | Lair:1   | Entered Level 1 of the Lair of Beasts
 14665 | Lair:1   | Reached skill level 15 in Axes
 14731 | Lair:1   | Reached ****** piety under Trog
 15350 | Lair:2   | Found a staircase to the Snake Pit.
 15649 | Lair:2   | Received a gift from Trog
 16511 | Lair:3   | Noticed antares's ghost (journeyman GnFE)
 16519 | Lair:3   | Received a gift from Trog
 16532 | Lair:3   | Killed antares's ghost
 16589 | Lair:3   | Noticed Harold
 16599 | Lair:3   | Killed Harold
 17261 | Lair:4   | Found a burning altar of Makhleb.
 17444 | Lair:4   | Received a gift from Trog
 17889 | Lair:4   | Found a staircase to the Shoals.
 18561 | Lair:5   | Noticed Urug
 18575 | Lair:5   | Reached skill level 5 in Throwing
 18582 | Lair:5   | Reached XP level 15. HP: 100/100 MP: 15/15
 18602 | Lair:5   | Killed Urug
 18853 | Lair:5   | Found a staircase to the Slime Pits.
 19137 | Lair:5   | Reached skill level 16 in Axes
 19666 | Lair:6   | Entered Level 6 of the Lair of Beasts
 20028 | Lair:6   | Received a gift from Trog
 20033 | Lair:6   | Got a faintly glowing hand axe {god gift}
 20034 | Lair:6   | Identified the +5 hand axe of Trauma {chop, rElec rF++ Int+6} (Trog gifted it to you on level 6 of the Lair of Beasts)
 20821 | Lair:6   | Received a gift from Trog
 21257 | Lair:6   | Found a runed door.
 21314 | Lair:6   | Reached XP level 16. HP: 80/107 MP: 16/16
 21959 | Orc:1    | Entered Level 1 of the Orcish Mines
 22306 | D:9      | Received a gift from Trog
 22801 | Orc:2    | Entered Level 2 of the Orcish Mines
 22949 | Orc:2    | Found a staircase to the Elven Halls.
 23423 | Orc:1    | Reached skill level 17 in Axes
 24255 | Orc:2    | Received a gift from Trog
 24262 | Orc:2    | Noticed peteyfrogboy's ghost (journeyman GrFi)
 24292 | Orc:2    | Killed peteyfrogboy's ghost
 24331 | Orc:2    | Reached skill level 15 in Fighting
 24412 | Orc:2    | Found Miecsyze's Antique Weapon Emporium.
 24413 | Orc:2    | Found Suript's Distillery.
 24423 | Orc:2    | Found Denur's Jewellery Shop.
 24424 | Orc:2    | Found Guvareg's Book Boutique.
 24441 | Orc:2    | Bought the ring of Pipipo {rC+ Str+2 Int+3 Dex+4} for 824 gold pieces
 24569 | Orc:2    | Found Sis Guh's Jewellery Emporium.
 24606 | Orc:2    | Bought the ring "Zyjabb" {rF+ rC+ Str+4 Dex+6} for 840 gold pieces
 24707 | Orc:2    | Received a gift from Trog
 24850 | Orc:2    | Found Kisyar's Assorted Antiques.
 24856 | Orc:2    | Bought a scroll of enchant armour for 210 gold pieces
 25212 | Orc:1    | Received a gift from Trog
 25974 | D:14     | Reached skill level 15 in Armour
 26506 | D:14     | Received a gift from Trog
 26513 | D:14     | Got a steaming broad axe {god gift}
 26514 | D:14     | Identified the +1 broad axe "Zoahuf" {chop, rC+} (Trog gifted it to you on level 14 of the Dungeon)
 26605 | D:14     | Found a gate to the Vaults.
 26650 | D:15     | Entered Level 15 of the Dungeon
 27372 | D:15     | Reached XP level 17. HP: 94/113 MP: 17/17
 27855 | D:15     | Found a staircase to the Depths.
 27875 | D:15     | Received a gift from Trog
 27927 | D:15     | Paralysed by an orc sorcerer for 3 turns
 28042 | D:15     | Found an ancient bone altar of Kikubaaqudgha.
 28438 | Snake:1  | Entered Level 1 of the Snake Pit
 28501 | Snake:1  | Received a gift from Trog
 28565 | Snake:1  | Reached skill level 18 in Axes
 28590 | Snake:1  | Found a blossoming altar of Fedhas.
 28813 | Snake:2  | Noticed Aizul
 28856 | Snake:1  | Killed Aizul
 29571 | Snake:3  | Noticed Bai Suzhen
 30239 | Snake:3  | Received a gift from Trog
 30412 | Snake:3  | Killed Bai Suzhen
 30916 | Snake:3  | Found an ancient bone altar of Kikubaaqudgha.
 31283 | Snake:3  | Reached XP level 18. HP: 120/120 MP: 18/18
 31908 | Snake:4  | Entered Level 4 of the Snake Pit
 31908 | Snake:4  | Noticed Dharzhak's ghost (adept GrEE)
 32023 | Snake:4  | Killed Dharzhak's ghost
 32332 | Snake:4  | Identified a scroll of acquirement
 32644 | Snake:4  | Reached skill level 10 in Throwing
 32925 | Snake:4  | Received a gift from Trog
 32925 | Snake:4  | Reached skill level 19 in Axes
 33732 | Snake:4  | Received a gift from Trog
 33972 | Snake:4  | Received a gift from Trog
 34136 | Snake:4  | Got a serpentine rune of Zot
 34422 | Vaults:1 | Entered Level 1 of the Vaults
 36192 | Vaults:2 | Found a staircase to the Crypt.
 36202 | Vaults:2 | Reached XP level 19. HP: 100/128 MP: 19/19
 36886 | Vaults:2 | Received a gift from Trog
 37243 | Vaults:2 | Found Dootut's Magic Scroll Emporium.
 37249 | Vaults:2 | Bought a scroll of fog for 28 gold pieces
 37249 | Vaults:2 | Bought a scroll of identify for 28 gold pieces
 37249 | Vaults:2 | Bought a scroll of holy word for 105 gold pieces
 37249 | Vaults:2 | Bought a scroll of identify for 28 gold pieces
 37249 | Vaults:2 | Bought a scroll of blinking for 105 gold pieces
 37249 | Vaults:2 | Bought a scroll of fear for 49 gold pieces
 37677 | Vaults:2 | Reached skill level 20 in Axes
 38553 | Vaults:3 | Received a gift from Trog
 39264 | Vaults:3 | Received a gift from Trog
 39918 | Vaults:3 | Reached XP level 20. HP: 136/136 MP: 20/20
 40117 | Vaults:3 | Received a gift from Trog
 40479 | Vaults:3 | Noticed a lich
 40481 | Vaults:3 | Paralysed by a lich for 6 turns
 40491 | Vaults:3 | Killed a lich
 41090 | Vaults:4 | Received a gift from Trog
 42120 | Vaults:4 | Got a brightly glowing helmet
 42131 | Vaults:4 | Identified the +0 helmet "Waatuam" {rElec rPois rN+ MR+++ Dex-3} (You acquired it on level 4 of the Vaults)
 42550 | Elf:1    | Entered Level 1 of the Elven Halls
 42597 | Orc:2    | Received a gift from Trog
 43189 | Elf:1    | Reached skill level 21 in Axes
 43587 | Elf:1    | Received a gift from Trog
 44215 | Shoals:1 | Entered Level 1 of the Shoals
 44297 | Shoals:1 | Received a gift from Trog
 47668 | Shoals:3 | Received a gift from Trog
 47814 | Shoals:3 | Reached XP level 21. HP: 142/142 MP: 21/21
 48488 | Shoals:4 | Entered Level 4 of the Shoals
 48790 | Shoals:4 | Noticed rgaf's ghost (adept HaBe)
 48801 | Shoals:4 | Noticed Ilsuiw
 49007 | Shoals:4 | Killed Ilsuiw
 49709 | Shoals:4 | Received a gift from Trog
 50477 | Shoals:4 | Got a barnacled rune of Zot
 50716 | Shoals:4 | Killed rgaf's ghost
 51294 | Depths:1 | Entered Level 1 of the Depths
 51294 | Depths:1 | Found a gateway to a ziggurat.
 51619 | Depths:1 | Found a gateway to Hell.
 51648 | Depths:1 | Found Hiamech's General Store.
 51783 | Depths:1 | Bought a cursed ring of loudness for 76 gold pieces
 51898 | Depths:1 | Found a one-way gate to the infinite horrors of the Abyss.
 51903 | Depths:1 | Reached skill level 22 in Axes
 52126 | Depths:1 | Received a gift from Trog
 52758 | Depths:1 | Found a snail-covered altar of Cheibriados.
 53081 | Depths:1 | Received a gift from Trog
 53461 | Depths:2 | Got a pitted diamond amulet
 53484 | Depths:2 | Identified the amulet "Yzuso" {Reflect +Blink rC+++ MR- MP+9 SH+3} (You found it on level 2 of the Depths)
 53512 | Depths:2 | Reached XP level 22. HP: 150/150 MP: 22/22
 54013 | Depths:2 | Received a gift from Trog
 54439 | Depths:2 | Paralysed by a floating eye for 2 turns
 55500 | Depths:3 | Got a faintly glowing silver ring
 55501 | Depths:3 | Got a shimmering quarterstaff {crush}
 55502 | Depths:3 | Identified the +8 quarterstaff of Bisad {crush, rElec rN+} (You took it off a fire giant on level 3 of the Depths)
 55506 | Depths:3 | Identified the ring of Qihonickui {rF+ AC+4 Str+4 Int+3 Dex-4} (You took it off a fire giant on level 3 of the Depths)
 55589 | Depths:3 | Found a one-way gate leading to the halls of Pandemonium.
 55610 | Depths:3 | Reached skill level 23 in Axes
 55662 | Depths:3 | Noticed Margery
 55671 | Depths:3 | Received a gift from Trog
 55678 | Depths:3 | Killed Margery
 55686 | Depths:3 | Received a gift from Trog
 55847 | Depths:3 | Got an ancient pewter ring
 55953 | Depths:3 | Found a basalt altar of Yredelemnul.
 55967 | Depths:3 | Reached XP level 23. HP: 134/156 MP: 23/23
 55976 | Depths:3 | Noticed Boris
 56004 | Depths:3 | Killed Boris
 56012 | Depths:3 | Noticed a golden dragon
 56477 | Depths:3 | Killed a golden dragon
 56558 | Depths:3 | Identified the ring of the Genius {MR+ MP+9 Int+2 Dex+3} (You took it off a spriggan berserker on level 3 of the Depths)
 57034 | Depths:3 | Noticed a juggernaut
 57047 | Depths:3 | Killed a juggernaut
 57183 | Depths:4 | Received a gift from Trog
 57196 | Depths:4 | Noticed Louise
 57207 | Depths:4 | Killed Louise
 57329 | Depths:4 | Reached skill level 10 in Stealth
 57490 | Depths:4 | Found a runed door.
 57558 | Depths:4 | Gained mutation: Armour fits poorly on your strangely shaped body. [potion of mutation]
 57558 | Depths:4 | Gained mutation: You have a pair of small horns on your head. [potion of mutation]
 57558 | Depths:4 | Gained mutation: Your muscles are strong. (Str +2) [potion of mutation]
 57558 | Depths:4 | Gained mutation: You have an increased reservoir of magic. (+10% MP) [potion of mutation]
 57559 | Depths:4 | Lost mutation: Your muscles are strong. (Str +2) [potion of mutation]
 57559 | Depths:4 | Lost mutation: Armour fits poorly on your strangely shaped body. [potion of mutation]
 57559 | Depths:4 | Gained mutation: You are somewhat resistant to further mutation. [potion of mutation]
 57560 | Depths:4 | Lost mutation: You have a pair of small horns on your head. [potion of mutation]
 57560 | Depths:4 | Lost mutation: You have an increased reservoir of magic. (+10% MP) [potion of mutation]
 57560 | Depths:4 | Lost mutation: You are somewhat resistant to further mutation. [potion of mutation]
 57560 | Depths:4 | Gained mutation: Your mind is acute. (Int +2) [potion of mutation]
 57560 | Depths:4 | Gained mutation: Your mind is very acute. (Int +4) [potion of mutation]
 57561 | Depths:4 | Lost mutation: Your mind is very acute. (Int +4) [potion of mutation]
 57561 | Depths:4 | Lost mutation: Your mind is acute. (Int +2) [potion of mutation]
 57561 | Depths:4 | Gained mutation: Your flesh is heat resistant. (rF+) [potion of mutation]
 57561 | Depths:4 | Gained mutation: You are weak. (Str -2) [potion of mutation]
 57561 | Depths:4 | Lost mutation: Your flesh is heat resistant. (rF+) [potion of mutation]
 57561 | Depths:4 | Lost mutation: You are weak. (Str -2) [potion of mutation]
 57562 | Depths:4 | Gained mutation: You are dopey. (Int -2) [potion of mutation]
 57562 | Depths:4 | Gained mutation: You have a pair of small horns on your head. [potion of mutation]
 57563 | Depths:4 | Lost mutation: You are dopey. (Int -2) [potion of mutation]
 57563 | Depths:4 | Lost mutation: You have a pair of small horns on your head. [potion of mutation]
 57563 | Depths:4 | Gained mutation: Your spells are a little harder to cast, but a little more powerful. [potion of mutation]
 57563 | Depths:4 | Gained mutation: Your muscles are strong. (Str +2) [potion of mutation]
 57564 | Depths:4 | Lost mutation: Your spells are a little harder to cast, but a little more powerful. [potion of mutation]
 57564 | Depths:4 | Lost mutation: Your muscles are strong. (Str +2) [potion of mutation]
 57564 | Depths:4 | Gained mutation: You are frail. (-10% HP) [potion of mutation]
 57564 | Depths:4 | Gained mutation: You are partially covered in icy blue scales. (AC +2) [potion of mutation]
 58093 | Orc:2    | Bought a potion of mutation for 104 gold pieces
 58093 | Orc:2    | Lost mutation: You are frail. (-10% HP) [potion of mutation]
 58093 | Orc:2    | Lost mutation: You are partially covered in icy blue scales. (AC +2) [potion of mutation]
 58093 | Orc:2    | Gained mutation: You are agile. (Dex +2) [potion of mutation]
 58093 | Orc:2    | Gained mutation: You are partially covered in molten scales. (AC +2) [potion of mutation]
 58918 | Depths:4 | You are sucked into a shaft!
 58918 | Depths:5 | Entered Level 5 of the Depths
 58991 | Depths:5 | Noticed a golden dragon
 59023 | Depths:5 | Killed a golden dragon
 59421 | Depths:5 | Found an iron altar of Okawaru.
 59428 | Depths:5 | Noticed a golden dragon
 59439 | Depths:5 | Killed a golden dragon
 59476 | Depths:5 | Reached XP level 24. HP: 155/164 MP: 23/23
 59504 | Depths:5 | Received a gift from Trog
 59582 | Depths:5 | Found Kusmenipt's Antique Armour Shoppe.
 59738 | Depths:5 | Bought the +2 pair of boots of the Assassin {Detection Stab+ Stlth++} for 1440 gold pieces
 59738 | Depths:5 | Found the +2 pair of boots of the Assassin {Detection Stab+ Stlth++}
 59803 | Depths:5 | Found a gate to the Realm of Zot.
 59834 | Depths:5 | Received a gift from Trog
 60144 | Depths:5 | Identified the Volume of Torrid Confrontation
 60309 | Depths:5 | Reached skill level 24 in Axes
 60780 | Elf:1    | Received a gift from Trog
 61460 | Elf:2    | Found a huge runed gate.
 61460 | Elf:2    | Found a huge runed gate.
 61460 | Elf:2    | Found a huge runed gate.
 61460 | Elf:2    | Found a huge runed gate.
 61460 | Elf:2    | Found a huge runed gate.
 61547 | Elf:2    | Found Biemno Iriji's General Store.
 61555 | Elf:2    | Bought a potion of curing for 51 gold pieces
 61729 | Elf:2    | Noticed Saint Roka
 61756 | Elf:2    | Killed Saint Roka
 62096 | Elf:2    | Received a gift from Trog
 62469 | Elf:3    | Entered Level 3 of the Elven Halls
 62538 | Elf:3    | Found a deep blue altar of Sif Muna.
 62834 | Elf:3    | Received a gift from Trog
 63348 | Elf:3    | Found Kusaej's Armour Emporium.
 63350 | Elf:3    | Found Witzom's Antique Armour Shoppe.
 63353 | Elf:3    | Found Paulif's Magic Scroll Emporium.
 63396 | Elf:3    | Bought a scroll of acquirement for 1040 gold pieces
 63396 | Elf:3    | Bought a scroll of teleportation for 60 gold pieces
 63396 | Elf:3    | Bought a scroll of blinking for 150 gold pieces
 63396 | Elf:3    | Bought a scroll of blinking for 150 gold pieces
 63457 | Elf:3    | Reached XP level 25. HP: 172/172 MP: 23/23
 63499 | Elf:3    | Received a gift from Trog
 63826 | Elf:3    | Received a gift from Trog
 64886 | Vaults:5 | Entered Level 5 of the Vaults
 64897 | Vaults:5 | Noticed Boris
 64906 | Vaults:5 | Noticed Jory
 64923 | Vaults:5 | Killed Jory
 64925 | Vaults:5 | Received a gift from Trog
 64925 | Vaults:5 | Killed Boris
 65309 | Vaults:5 | Reached skill level 25 in Axes
 65515 | Vaults:5 | Received a gift from Trog
 65557 | Vaults:5 | Received a gift from Trog
 65874 | Vaults:5 | Noticed an ancient lich
 65891 | Vaults:5 | Killed an ancient lich
 65891 | Vaults:5 | Reached XP level 26. HP: 160/179 MP: 23/23
 66023 | Vaults:5 | Got a slimy crystal plate armour
 66034 | Vaults:5 | Identified the cursed +1 crystal plate armour of the Failed Coup {-Tele MP+9 Dex+4} (You found it on level 5 of the Vaults)
 66109 | Vaults:5 | Noticed an ancient lich
 66130 | Vaults:5 | Killed an ancient lich
 66197 | Vaults:5 | Received a gift from Trog
 66254 | Vaults:5 | Received a gift from Trog
 66383 | Vaults:5 | Got a pair of faintly glowing boots
 66384 | Vaults:5 | Identified the +0 pair of boots of Dishonour {rElec rPois} (You found it on level 5 of the Vaults)
 66449 | Vaults:5 | Noticed an ancient lich
 66457 | Vaults:5 | Reached skill level 15 in Stealth
 66484 | Vaults:5 | Killed an ancient lich
 66652 | Vaults:5 | Got a silver rune of Zot
 67013 | Vaults:5 | Got a steaming brass ring
 67019 | Vaults:5 | Got a clouded pewter ring
 67020 | Vaults:5 | Identified the cursed ring "Ocoveresh" {rC+ Dex-3} (You found it on level 5 of the Vaults)
 67021 | Vaults:5 | Identified the ring "Gegiyp" {rCorr -Tele *Corrode rC+++ Dex+3} (You found it on level 5 of the Vaults)
 67468 | Depths:1 | Voluntarily entered the Abyss.
 67764 | Abyss:1  | Received a gift from Trog
 67804 | Abyss:1  | Gained mutation: Your body sometimes deteriorates upon taking damage. [a neqoxec]
 68121 | Depths:1 | Escaped the Abyss
 68708 | Depths:5 | Lost mutation: Your body often deteriorates upon taking damage. [potion of mutation]
 68708 | Depths:5 | Lost mutation: You are agile. (Dex +2) [potion of mutation]
 68708 | Depths:5 | Lost mutation: You are partially covered in molten scales. (AC +2) [potion of mutation]
 68708 | Depths:5 | Gained mutation: You have a pair of small horns on your head. [potion of mutation]
 69030 | Elf:1    | Lost mutation: You have a pair of small horns on your head. [potion of mutation]
 69030 | Elf:1    | Gained mutation: You expend magic power (3 MP) to strengthen your wands. [potion of mutation]
 69030 | Elf:1    | Gained mutation: You have sharp toenails. [potion of mutation]
 70759 | Hell     | Entered the Vestibule of Hell
 70762 | Hell     | Noticed Geryon
 71241 | Crypt:1  | Entered Level 1 of the Crypt
 71311 | Crypt:1  | Received a gift from Trog
 71642 | Crypt:1  | You fall through a shaft!
 72553 | Crypt:2  | Reached skill level 26 in Axes
 73290 | Crypt:3  | Entered Level 3 of the Crypt
 73323 | Crypt:3  | Reached XP level 27. HP: 141/186 MP: 23/23
 73495 | Crypt:3  | Received a gift from Trog
 73837 | Crypt:3  | Received a gift from Trog
 73910 | Crypt:3  | Found a basalt altar of Yredelemnul.
 73934 | Crypt:3  | Received a gift from Trog
 74168 | Crypt:3  | Found an ancient bone altar of Kikubaaqudgha.
 75462 | Crypt:3  | Received a gift from Trog
 75807 | Crypt:3  | Found a staircase to the Tomb.
 77318 | Zot:1    | Entered Level 1 of the Realm of Zot
 77610 | Zot:1    | Noticed an orb of fire
 77623 | Zot:1    | Killed an orb of fire
 77636 | Depths:5 | HP: 5/188 [storm dragon (11)]
 77637 | Depths:5 | Slain by a storm dragon

Skill      XL: |  1  2  3  4  5  6  7  8  9 10 11 12 13 14 15 16 17 18 19 20 21 22 23 24 25 26 27 |
---------------+----------------------------------------------------------------------------------+-----
Axes           | 3 4 5 7 9 10 12 13 14 15 16 17 18 19 20 21 22 23 24 25 26 | 26.5
Stealth        | 1 2 3 4 5 8 11 12 14 15 16 | 16.6
Armour         | 3 4 5 7 9 10 11 12 13 14 15 16 17 18 19 20 21 22 23 | 23.1
Fighting       | 4 5 6 7 9 10 11 12 13 14 15 16 17 18 19 20 21 22 23 | 23.3
Throwing       | 2 5 6 8 9 10 | 10.3
Dodging        | |  1.5

Action                   |  1- 3 |  4- 6 |  7- 9 | 10-12 | 13-15 | 16-18 | 19-21 | 22-24 | 25-27 || total
-------------------------+-------+-------+-------+-------+-------+-------+-------+-------+-------++-------
Melee: Hand axe          |    87 |    68 |       |       |   274 |   359 |       |       |       ||   788
       War axe           |       |    95 |   301 |   218 |       |       |       |       |       ||   614
       Broad axe         |       |       |       |   311 |   501 |    15 |       |       |       ||   827
       Battleaxe         |       |       |       |    22 |   319 |  1075 |  1440 |  1406 |   935 ||  5197
       Unarmed           |       |       |       |       |       |    23 |       |       |       ||    23
       Executioner's axe |       |       |       |       |       |       |       |       |   457 ||   457
Invok: Berserk           |     1 |     2 |     7 |    15 |    12 |    13 |    17 |    13 |    17 ||    97
       Burn Spellbooks   |       |       |     2 |       |     8 |     4 |     3 |     3 |     8 ||    28
       Brothers in Arms  |       |       |       |       |       |       |       |     2 |       ||     2
 Abil: Fly               |       |       |       |       |     1 |       |     1 |       |       ||     2
       Stop Flying       |       |       |       |       |       |       |     1 |       |     1 ||     2
Evoke: Wand              |       |       |     1 |       |       |     9 |    28 |     1 |       ||    39
       Lightning rod     |       |       |       |       |       |       |       |     1 |     3 ||     4
  Use: Scroll            |     7 |     6 |    13 |    14 |    20 |    20 |    14 |    17 |    17 ||   128
       Potion            |       |       |       |     5 |       |     3 |     4 |    15 |    13 ||    40
 Stab: Sleeping          |     2 |       |       |       |       |       |       |       |       ||     2
       Distracted        |       |       |       |       |     1 |       |       |     2 |     4 ||     7
       Petrified         |       |       |       |       |    15 |       |       |       |       ||    15
       Petrifying        |       |       |       |       |     2 |       |       |       |       ||     2
       Paralysed         |       |       |       |       |       |       |     2 |       |       ||     2
       Invisible         |       |       |       |       |       |       |       |       |     1 ||     1
  Eat: Chunk             |     2 |     4 |    10 |    31 |    30 |    42 |    48 |    29 |    15 ||   211
       Ration            |       |     1 |     2 |     1 |     4 |     5 |     7 |     6 |    14 ||    40
Armor: Animal skin       |     7 |       |       |       |       |       |       |       |       ||     7
       Leather armour    |    23 |       |       |       |       |       |       |       |       ||    23
       Scale mail        |     3 |    69 |       |       |       |       |       |       |       ||    72
       Chain mail        |       |    58 |   190 |       |       |       |       |       |       ||   248
       Plate armour      |       |       |   122 |   531 |  1036 |  1397 |  1356 |   312 |       ||  4754
       Skin              |       |       |       |       |       |     5 |       |       |       ||     5
       Fire dragon scale |       |       |       |       |       |       |       |    86 |       ||    86
       Gold dragon scale |       |       |       |       |       |       |       |   875 |  1366 ||  2241
Dodge: Dodged            |    58 |    95 |   180 |   191 |   427 |   633 |   613 |   446 |   464 ||  3107
Block: Other             |       |       |       |       |       |       |       |   119 |   143 ||   262
       Reflection        |       |       |       |       |       |       |       |     9 |     8 ||    17
